 Dungeon Crawl Stone Soup version 0.18.1-8-gdd0e5ea (webtiles) character file.

536 vanDroid the Vandal (level 7, -1/61 HPs)
             Began as a Centaur Hunter on May 23, 2016.
             Was a Believer of Nemelex Xobeh.
             Slain by a hound (5 damage)
             ... on level 6 of the Dungeon on May 31, 2016.
             The game lasted 02:27:51 (6491 turns).

vanDroid the Vandal (Centaur Hunter)                Turns: 6491, Time: 02:27:51

Health: -1/61      AC:  5    Str: 17    XL:     7   Next: 4%
Magic:  16/16      EV: 10    Int: 10    God:    Nemelex Xobeh [**....]
Gold:   232        SH:  0    Dex: 11    Spells: 0 memorised, 6 levels left

rFire  . . .     SeeInvis .     v - +1 mace
rCold  . . .     Gourm    .     I - +1 leather armour of Charity {rElec rCorr Str+2} (curse)
rNeg   . . .     Faith    .     (no shield)
rPois  .         Spirit   .     (helmet restricted)
rElec  +         Dismiss  .     (no cloak)
rCorr  +         Reflect  .     (no gloves)
SustAt .         Harm     .     (no barding)
MR     .....     Clarity  +     (no amulet)
Stlth  +.........               (no ring)
                                k - ring of magical power

@: very quick, not resistant to hostile enchantments, very unstealthy
A: hooves 3, horns 1, clarity, deformed body, speed 2, robust 1, tough skin 3,
no device heal 1
a: Renounce Religion


You were on level 6 of the Dungeon.
You worshipped Nemelex Xobeh.
Nemelex Xobeh was pleased with you.
You were not hungry.

You visited 1 branch of the dungeon, and saw 6 of its levels.

You collected 232 gold pieces.

Inventory:

Hand Weapons
 a - a +1 hunting sling
 b - a +0 short sword
 v - a +1 mace (weapon)
 w - a +0 giant spiked club
 x - a +0 flail
 z - a +0 great sword
 B - a +0 short sword
 K - a +2 scimitar of distortion
 L - a +0 hand axe
Missiles
 d - 36 sling bullets (quivered)
 e - 81 arrows
 g - 261 stones
 r - 57 poisoned needles
 t - 4 large rocks
Armour
 c - a +1 leather armour
 s - a +0 ring mail
 y - a +0 chain mail
 I - the cursed +1 leather armour of Charity (worn) {rElec rCorr Str+2}
   (You found it on level 5 of the Dungeon)

   It affects your strength (+2).
   It insulates you from electricity.
   It protects you from acid and corrosion.
   It has a curse placed upon it.
Jewellery
 k - a ring of magical power (left hand)
 n - a cursed -3 ring of strength
 M - an uncursed ring of magical power
Wands
 p - a wand of lightning (4/15)
Scrolls
 u - a scroll of remove curse
 A - 2 scrolls of identify
 C - 4 scrolls of teleportation
 J - a scroll of recharging
Potions
 h - a potion of mutation
 j - a potion of flight
 m - 2 potions of degeneration
 q - a potion of haste {unknown}
 D - a potion of berserk rage {unknown}
 E - a potion of resistance {unknown}
 F - a potion of ambrosia {unknown}
 G - a potion of heal wounds {unknown}
 H - a potion of cure mutation {unknown}
Miscellaneous
 l - a plain deck of war {drawn: 2}
Comestibles
 f - 4 bread rations
 i - 6 fruits
 o - a beef jerky


   Skills:
 + Level 2.9 Fighting
 + Level 0.1 Short Blades
 + Level 1.3 Maces & Flails
 + Level 7.0 Slings
 + Level 0.2(4.3) Throwing
 + Level 2.1 Armour
 + Level 2.3 Dodging
 + Level 1.3 Stealth
 + Level 0.1 Evocations


You had 6 spell levels left.
You didn't know any spells.

Dungeon Overview and Level Annotations

Branches:
Dungeon (6/15)
 Temple: D:4-7

Altars:
Ashenzari
Gozag
Nemelex Xobeh
Vehumet
Xom


Innate Abilities, Weirdness & Mutations

You have hooves in place of feet.
Armour fits poorly on your strangely shaped body.
You cover ground very quickly.
You have extremely tough skin (AC +3).
You have a pair of small horns on your head.
You possess an exceptional clarity of mind.
You are robust (+10% HP).
Potions and wands are less effective at restoring your health.


Message History

Your cleaving frenzy subsides.
The hound bites you.
* * * LOW HITPOINT WARNING * * *
The hound bites you.
* * * LOW HITPOINT WARNING * * *
The sky beast hits you but does no damage.
You climb downwards.
There is a stone staircase leading up, spattered with blood here.
As you read the scroll of teleportation, it crumbles to dust.
You feel strangely stable. The hound bites you but does no damage.
The sky beast flickers out of sight!
Deactivating autopickup; reactivate with Ctrl-A.
Something completely misses you.
Unknown command.
Unknown command.
The hound bites you.
* * * LOW HITPOINT WARNING * * *
Something hits you but does no damage. The hound bites you.
You die...
Your body disappears without a glow.

#.# #.# #.# #.# #.#
########.######
####@h...........###
#....{.............
###########.#....##
#.#....# #.#....####
#.h........
###########....#...
#..............#
#..............#


You could see a hound.

Vanquished Creatures
  An ice beast (D:5)
  An ogre (D:4)
  A howler monkey (D:5)
  A crimson imp (D:5)
  A giant frog zombie (D:5)
  A jelly (D:4)
  An orc priest (D:4)
  2 orc wizards
  A howler monkey skeleton (D:5)
  4 adders
  2 oozes
  2 dart slugs (D:1)
  A giant gecko (D:1)
  4 orcs
  2 ball pythons (D:1)
  4 giant cockroaches
  9 goblins
  9 hobgoblins
  8 jackals
  A quokka (D:1)
  5 bats
  5 giant newts
  13 kobolds
  A quokka skeleton (D:5)
  6 rats (D:1)
86 creatures vanquished.

Notes
Turn   | Place    | Note
--------------------------------------------------------------
     0 | D:1      | vanDroid the Centaur Hunter began the quest for the Orb.
     0 | D:1      | Reached XP level 1. HP: 17/17 MP: 1/1
   297 | D:1      | Reached XP level 2. HP: 24/24 MP: 2/2
   387 | D:1      | Reached skill level 5 in Slings
   446 | D:1      | Gained mutation: You possess an exceptional clarity of mind. [potion of mutation]
   446 | D:1      | Gained mutation: Potions and wands are less effective at restoring your health. [potion of mutation]
   446 | D:1      | Gained mutation: You are robust (+10% HP). [potion of mutation]
   665 | D:1      | Reached XP level 3. HP: 31/31 MP: 3/3
   822 | D:1      | You fall through a shaft!
  2525 | D:2      | Found a sparkling altar of Nemelex Xobeh.
  2543 | D:2      | Became a worshipper of Nemelex Xobeh the Trickster
  2714 | D:2      | Reached XP level 4. HP: 24/39 MP: 4/4
  2940 | D:3      | Received a gift from Nemelex Xobeh
  2977 | D:3      | Xobeh
  3241 | D:3      | Gained mutation: You have a pair of small horns on your head. [potion of beneficial mutation]
  3268 | D:3      | Found a shimmering altar of Xom.
  3712 | D:4      | Found a shattered altar of Ashenzari.
  4071 | D:3      | Reached skill level 1 in Armour
  4071 | D:3      | Reached XP level 5. HP: 42/45 MP: 5/5
  4112 | D:4      | Reached skill level 1 in Stealth
  4252 | D:4      | Reached skill level 6 in Slings
  4463 | D:4      | Reached * piety under Nemelex Xobeh
  4599 | D:4      | Received a gift from Nemelex Xobeh
  5154 | D:4      | Noticed an ogre
  5169 | D:4      | Killed an ogre
  5169 | D:4      | Reached XP level 6. HP: 55/55 MP: 6/6
  5260 | D:4      | Found a radiant altar of Vehumet.
  5260 | D:4      | Found an opulent altar of Gozag.
  5302 | D:5      | Entered Level 5 of the Dungeon
  5530 | D:5      | Got a polished leather armour
  5541 | D:5      | Identified the cursed +1 leather armour of Charity {rElec rCorr Str+2} (You found it on level 5 of the Dungeon)
  5590 | D:5      | Reached skill level 1 in Maces & Flails
  5748 | D:5      | Reached ** piety under Nemelex Xobeh
  5829 | D:5      | Noticed an ice beast
  5848 | D:5      | Killed an ice beast
  6013 | D:6      | Found a sparkling altar of Nemelex Xobeh.
  6107 | D:6      | Noticed a sky beast
  6342 | D:5      | Reached skill level 7 in Slings
  6397 | D:5      | Reached XP level 7. HP: 57/61 MP: 7/7
  6491 | D:6      | Slain by a hound

Skill      XL: |  1  2  3  4  5  6 |
---------------+-------------------+-----
Slings         | 5 6 7 |  7.0
Armour         | 1 2 |  2.1
Stealth        | 1 |  1.3
Dodging        | 2 |  2.3
Maces & Flails | 1 |  1.3
Fighting       | |  2.9
Short Blades   | |  0.1
Throwing       | |  0.2
Evocations     | |  0.1

Action                   |  1- 3 |  4- 6 |  7- 9 || total
-------------------------+-------+-------+-------++-------
Melee: Short sword       |    30 |       |       ||    30
       Kick              |     6 |    20 |       ||    26
       Spear             |     1 |       |       ||     1
       Mace              |    26 |    99 |     2 ||   127
       Headbutt          |       |    12 |       ||    12
       Hunting sling     |       |       |     2 ||     2
 Fire: Hunting sling     |    84 |    64 |       ||   148
Throw: Stone             |     1 |       |       ||     1
Evoke: Wand              |       |     8 |       ||     8
       Deck              |       |     1 |     1 ||     2
  Use: Scroll            |     5 |     8 |     2 ||    15
       Potion            |     2 |     3 |       ||     5
  Eat: Pizza             |     2 |       |       ||     2
       Meat ration       |     1 |     1 |       ||     2
       Beef jerky        |       |     1 |       ||     1
Armor: Leather armour    |    21 |    24 |    13 ||    58
       Ring mail         |     3 |    51 |       ||    54
       Skin              |       |     1 |       ||     1
Dodge: Dodged            |    36 |    67 |     8 ||   111
